 Dungeon Crawl Stone Soup version 0.30-a0-373-gd37427bb62 (webtiles) character file.

Game seed: 15872312695506808562

4814 scionoferis the Reanimator (level 10, -7/59 HPs)
             Began as a Tengu Necromancer on Nov 23, 2022.
             Was an Initiate of Ashenzari.
             Mangled by an orc warrior
             ... wielding a +0 dire flail
              (12 damage)
             ... on level 7 of the Dungeon.
             The game lasted 00:31:19 (8345 turns).

scionoferis the Reanimator (Tengu Necromancer)      Turns: 8345, Time: 00:31:19

Health: -7/59      AC:  7    Str: 16    XL:     10   Next: 48%
Magic:  20/20      EV: 22    Int: 21    God:    Ashenzari [......]
Gold:   342        SH:  0    Dex: 15    Spells: 11/21 levels left

rFire   . . .      SeeInvis .    a - +9 quarterstaff of Precise Incision {pain, Int+3}
rCold   + + .      Faith    .    (shield currently unavailable)
rNeg    . . .      Spirit   .    P - +2 leather armour {rC+}
rPois   .          Reflect  .    (helmet restricted)
rElec   .          Harm     .    i - +0 cloak
rCorr   .          Rampage  .    v - +0 pair of gloves
Will    .....                    (boots unavailable)
Stlth   ++........               (no amulet)
HPRegen 0.29/turn                r - +4 ring of evasion
MPRegen 0.17/turn                H - +6 ring of strength

@: flying quickly and evasively, quick
A: beak, talons 3, nimble flight, cold resistance 1, wild magic 1
a: Renounce Religion


You were on level 7 of the Dungeon.
You worshipped Ashenzari.
Ashenzari was noncommittal.
You visited 2 branches of the dungeon, and saw 9 of its levels.
You also visited: Sewer.

You collected 342 gold pieces.

Inventory:

Hand Weapons
 a - the +9 quarterstaff of Precise Incision (weapon) {pain, Int+3}
   (You found it on level 5 of the Dungeon)

   In the hands of one skilled in necromantic magic, it inflicts extra damage on
   living creatures.
   Int:       It affects your intelligence (+3).
 c - a +0 dagger
 x - a +0 rapier
 C - a +5 scimitar of freezing
 E - a +0 sling
 G - the +3 whip of Crawling {spect, rPois Str+4 Dex-5}
   (You found it on level 3 of the Dungeon)

   When its wielder attacks, the weapon's spirit leaps out and strikes again.
   The spirit shares a part of any damage it takes with its wielder.
   Str:       It affects your strength (+4).
   Dex:       It affects your dexterity (-5).
   rPois:     It protects you from poison.
 I - the +9 short sword of Femuwkui {venom, Will+}
   (You found it on level 5 of the Dungeon)

   It poisons the flesh of those it strikes.
   Will:      It increases your willpower.
Missiles
 k - 8 boomerangs
 l - 31 poisoned darts (quivered)
 o - a throwing net
 p - 9 atropa-tipped darts
Armour
 i - a +0 cloak (worn)
 v - a +0 pair of gloves (worn)
 P - a +2 leather armour of cold resistance (worn)
Jewellery
 r - a +4 ring of evasion (left hand)
 t - a ring of fire
 H - a +6 ring of strength (right hand)
 Q - a ring of positive energy
Wands
 e - a wand of flame (23)
 n - a wand of iceblast (18)
 q - a wand of mindburst (39)
 J - a wand of polymorph (4)
 K - a wand of digging (9)
Scrolls
 d - a scroll of blinking
 f - 2 scrolls of poison
 g - 6 scrolls of noise
 h - 6 scrolls of teleportation
 u - 2 scrolls of enchant weapon
 w - a scroll of enchant armour
 y - a scroll of vulnerability
 z - a scroll of amnesia
 A - 3 scrolls of fear
 D - 2 scrolls of magic mapping
 M - a scroll of butterflies
Potions
 b - a potion of magic
 j - a potion of lignification {unknown}
 m - a potion of haste
 s - 3 potions of might
 B - a potion of curing {unknown}
 F - 2 potions of resistance {unknown}
 L - a potion of cancellation {unknown}
 N - a potion of heal wounds {unknown}
 O - a potion of degeneration {unknown}


   Skills:
 + Level 5.0 Fighting
 - Level 0.5 Short Blades
 + Level 7.6 Dodging
 - Level 4.0 Stealth
 + Level 6.3 Spellcasting
 + Level 5.6 Conjurations
 + Level 3.1 Hexes
 - Level 8.0 Necromancy
 - Level 4.0 Translocations


You had 11 spell levels left.
You knew the following spells:

 Your Spells              Type           Power      Damage    Failure   Level
a - Necrotise             Necr           100%       1d9       1%          1
b - Vampiric Draining     Necr           51%        2d9       2%          3
c - Blink                 Tloc           60%        N/A       5%          2
d - Fulminant Prism       Conj/Hex       16%        3d10      26%         4

Your spell library contained the following spells:

 Spells                   Type           Power      Damage    Failure   Level
 Animate Dead             Necr           51%        N/A       7%          4
 Cigotuvi's Dreadful Rot  Necr/Pois/Air  46%        N/A       10%         2
 Tukima's Dance           Hex            25%        N/A       14%         3
 Agony                    Necr           51%        N/A       17%         5
 Iskenderun's Mystic Bla  Conj/Tloc      34%        2d8       22%         4
 Kindle Blastsparks       Fire/Tloc/Air  30%        2d12      28%         3
 Manifold Assault         Tloc           30%        N/A       30%         4
 Passage of Golubria      Tloc           30%        N/A       30%         4
 Yara's Violent Unravell  Hex/Tmut       8%         3d5       90%         5
 Lee's Rapid Deconstruct  Erth           4%         3d5*      98%         5
 Eringya's Noxious Bog    Tmut/Pois      4%         N/A       100%        6
 Storm Form               Tmut/Air       4%         N/A       100%        7


Dungeon Overview and Level Annotations

Branches:
Dungeon (8/15)             Temple (1/1) D:5           Sewer (visited)
   Lair: D:8-11

Altars:
Ashenzari
Cheibriados
Dithmenos
Elyvilon
Fedhas
Gozag
Hepliaklqana
Kikubaaqudgha
Makhleb
Nemelex Xobeh
Okawaru
Qazlal
Ru
Sif Muna
Trog
Uskayaw
Vehumet
Wu Jian
Xom
Yredelemnul
Zin
The Shining One

Annotations:
D:8 exclusion: two-headed ogre, Grum


Innate Abilities, Weirdness & Mutations

You have a beak for a mouth.
You have claws for feet.
Your magical nature lets you fly swiftly and evasively.
Your flesh is cold resistant. (rC+)
Your spells are a little harder to cast, but a little more powerful.


Message History

The orc warrior hits you with a +0 dire flail!
Items here: )) [[.
The two-headed ogre shouts in stereo!
You thump the orc warrior!
The orc warrior writhes in agony.
Your kick misses the orc warrior.
The orc warrior is heavily wounded.
The orc warrior hits you but does no damage.
There is an escape hatch in the ceiling here.
The orc warrior hits you with a +0 dire flail!
A mysterious force pulls you upwards. The hatch slams shut behind you.
You closely miss the orc warrior.
You claw the orc warrior, but do no damage.
The orc warrior is heavily wounded.
The orc warrior completely misses you.
You hit the orc warrior. You claw the orc warrior.
The orc warrior is severely wounded.
The orc warrior misses you.
The orc warrior hits you with a +0 dire flail!
* * * LOW HITPOINT WARNING * * *
You hit the orc warrior.
You claw the orc warrior, but do no damage.
The orc warrior is severely wounded.
The orc warrior misses you.
You closely miss the orc warrior. Your peck misses the orc warrior.
The orc warrior is severely wounded.
The orc warrior barely misses you.
You hit the orc warrior. Your kick misses the orc warrior.
Your peck misses the orc warrior.
The orc warrior is almost dead.
The orc warrior hits you with a +0 dire flail.
* * * LOW HITPOINT WARNING * * *
The orc warrior misses you.
You closely miss the orc warrior.
The orc warrior is almost dead.
The orc warrior misses you.
You closely miss the orc warrior. You claw the orc warrior.
You peck the orc warrior, but do no damage.
The orc warrior is almost dead.
The orc warrior hits you with a +0 dire flail!
You die...

#.......#.............
###.......#.#.#.##..##
#.#.........#.##....
####.#.#......##.##...#
#......)...>..##.##....
#.##.#.##...#.##.##..##
#................##....
#.....o#..##..######.##
##...#@.......# ##.##
#######.###..# #....
#......# ##### #.####.#
#......# #.###### #.#
#.# #)#


You could see an orc warrior.

Vanquished Creatures
  A manticore (D:7)
  A hornet (D:7)
  2 slime creatures (D:8)
  Grinder (D:4)
  Sigmund (D:3)
  Eustachio (D:6)
  Edmund (D:4)
  Menkaure (D:6)
  A water moccasin (D:7)
  Duvessa (D:6)
  2 sky beasts
  4 black bears
  An ogre (D:5)
  A centaur (D:8)
  A phantom (D:5)
  A kobold brigand (Sewer)
  4 bullfrogs
  A necrophage (D:4)
  5 wights (D:8)
  Dowan (D:6)
  6 killer bees (D:7)
  3 hounds
  5 orc priests
  2 gnoll boudas
  Terence (D:2)
  5 orc wizards
  Ijyb (D:3)
  Natasha (thrice) (D:3)
  3 iguanas
  Robin (D:3)
  8 gnolls
  10 adders
  8 river rats (Sewer)
  2 shadow imps
  A white imp (D:5)
  An ufetubus (D:6)
  4 worms
  4 dart slugs
  23 orcs
  10 endoplasms
  5 giant cockroaches
  11 goblins
  8 hobgoblins
  20 kobolds
  9 quokkas
  9 ball pythons
  4 bats
  8 frilled lizards
  21 rats
228 creatures vanquished.

Vanquished Creatures (collateral kills)
  A wyvern (D:4)
  A worm (D:2)
  A goblin (D:1)
3 creatures vanquished.

Grand Total: 231 creatures vanquished

Notes
Turn   | Place    | Note
-------+----------+-------------------------------------------
     0 | D:1      | scionoferis the Tengu Necromancer began the quest for the
                  | Orb.
     0 | D:1      | Reached XP level 1. HP: 10/10 MP: 4/4
   275 | D:1      | Reached XP level 2. HP: 15/15 MP: 3/6
   596 | D:1      | Reached XP level 3. HP: 19/19 MP: 5/7
   611 | D:1      | Learned a level 3 spell: Vampiric Draining
   800 | D:2      | Found a shimmering blue altar of Sif Muna.
   829 | D:2      | Noticed Terence
   908 | D:2      | Reached skill level 5 in Necromancy
   986 | D:2      | Reached XP level 4. HP: 15/24 MP: 5/8
  1069 | D:2      | Killed Terence
  1161 | D:2      | Learned a level 2 spell: Blink
  1773 | D:3      | Noticed Ijyb
  1785 | D:3      | Gained mutation: Your magical nature lets you fly swiftly
                  | and evasively. [Tengu growth]
  1785 | D:3      | Reached XP level 5. HP: 28/28 MP: 4/10
  1788 | D:3      | Killed Ijyb
  1998 | D:3      | Noticed Sigmund
  2000 | D:3      | Killed Sigmund
  2001 | D:3      | Reached skill level 1 in Translocations
  2001 | D:3      | Reached XP level 6. HP: 32/32 MP: 11/11
  2021 | D:3      | Noticed Robin
  2112 | D:3      | Killed Robin
  2251 | D:3      | Identified the +3 whip of Crawling {spect, rPois Str+4
                  | Dex-5}
  2840 | D:4      | Noticed Grinder
  2888 | D:4      | Noticed Natasha
  2894 | D:3      | Killed Natasha
  2995 | D:3      | Noticed Natasha
  2999 | D:3      | Killed Natasha
  3151 | D:3      | Noticed Natasha
  3155 | D:3      | Killed Natasha
  3222 | D:4      | Reached XP level 7. HP: 36/36 MP: 9/13
  3225 | D:4      | Reached skill level 6 in Necromancy
  3315 | D:4      | Noticed a wyvern
  3346 | D:4      | Killed a wyvern
  3631 | D:4      | Reached XP level 8. HP: 41/41 MP: 9/15
  3646 | D:4      | Noticed Edmund
  3670 | D:4      | Killed Edmund
  3671 | D:4      | Reached skill level 5 in Dodging
  3967 | D:4      | Reached skill level 1 in Fighting
  4049 | D:4      | Killed Grinder
  4067 | D:5      | Entered Level 5 of the Dungeon
  4341 | D:5      | Found a staircase to the Ecumenical Temple.
  4358 | D:5      | Reached skill level 7 in Necromancy
  4375 | Temple   | Entered the Ecumenical Temple
  4663 | D:5      | Identified the +9 short sword of Femuwkui {venom, Will+}
  4792 | D:5      | Identified the +9 quarterstaff of Precise Incision {pain,
                  | Int+3}
  4824 | D:5      | Learned a level 4 spell: Fulminant Prism
  4891 | D:5      | Reached XP level 9. HP: 49/49 MP: 17/17
  4964 | D:6      | Noticed Menkaure
  4964 | D:6      | Noticed Duvessa
  4966 | D:6      | Noticed Dowan
  4974 | D:6      | Killed Duvessa
  4975 | D:6      | Reached skill level 5 in Spellcasting
  4975 | D:6      | Reached skill level 1 in Conjurations
  4975 | D:6      | Killed Menkaure
  4981 | D:6      | Killed Dowan
  5009 | D:6      | Found a glowing drain.
  5028 | Sewer    | Entered a sewer
  5236 | Sewer    | Reached skill level 1 in Hexes
  6049 | D:6      | Found a burning altar of Makhleb.
  6167 | D:6      | Noticed Eustachio
  6176 | D:6      | Killed Eustachio
  6495 | D:7      | Noticed a hornet
  6504 | D:7      | Killed a hornet
  6547 | D:7      | Found a bloodstained altar of Trog.
  6575 | D:7      | Reached skill level 8 in Necromancy
  6762 | D:7      | Gained mutation: Your body sometimes deteriorates upon
                  | taking damage. [potion of mutation]
  6775 | D:7      | Reached XP level 10. HP: 9/57 MP: 19/19
  6940 | D:7      | Lost mutation: Your body sometimes deteriorates upon taking
                  | damage. [potion of mutation]
  6940 | D:7      | Gained mutation: Your spells are a little harder to cast,
                  | but a little more powerful. [potion of mutation]
  6940 | D:7      | Gained mutation: Your flesh is cold resistant. (rC+)
                  | [potion of mutation]
  7101 | D:7      | Found a glowing silver altar of Zin.
  7101 | D:7      | Found an ornate altar of the Wu Jian Council.
  7110 | D:7      | Found a broken altar of Ashenzari.
  7112 | D:7      | Got the Guide on Vitriolic Direction
  7115 | D:7      | Found a shimmering blue altar of Sif Muna.
  7120 | D:7      | Found an opulent altar of Gozag.
  7133 | D:7      | Became a worshipper of Ashenzari the Shackled
  7192 | D:7      | Noticed a manticore
  7413 | D:7      | Killed a manticore
  7765 | D:8      | Reached skill level 5 in Conjurations
  7783 | D:8      | Found an iron altar of Okawaru.
  7791 | D:8      | Noticed Grum
  7797 | D:8      | Noticed a two-headed ogre
  8023 | D:8      | Reached skill level 5 in Fighting
  8345 | D:7      | Mangled by an orc warrior

Illustrated notes

Levels and vault maps discovered:
D:1:      mrwooster_arrival_statue_3, layout_basic, minmay_lizard_pond
D:2:      layout_loops_ring, basic_altar, uniq_terence
D:3:      layout_basic, uniq_sigmund, uniq_ijyb, uniq_robin
D:4:      layout_gridville, uniq_natasha, uniq_edmund, uniq_grinder
D:5:      layout_basic, minmay_temple_entry_ruins
D:6:      layout_basic, marbit_many_paths, gup_sewer_entry_pipe, uniq_menkaure,
          uniq_duvessa, uniq_eustachio
D:7:      layout_basic, mainiacjoe_overflow_alcove_2,
          chequers_temple_overflow_minitemple
D:8:      layout_loops_ring, mainiacjoe_overflow_24_doors, grunt_ministairs_9,
          uniq_grum
Temple:   minmay_temple_curvy_branch

Skill      XL: |  1  2  3  4  5  6  7  8  9 10 |
---------------+-------------------------------+-----
Necromancy     | 5 6 7 8 |  8.0
Dodging        | 3 4 5 6 7 |  7.6
Stealth        | 3 4 |  4.0
Spellcasting   | 3 4 5 6 |  6.3
Translocations | 1 2 3 4 |  4.0
Fighting       | 2 4 5 |  5.0
Conjurations   | 4 5 |  5.6
Hexes          | 2 3 |  3.1
Short Blades   | |  0.5

Action                   |  1- 3 |  4- 6 |  7- 9 | 10-12 || total
-------------------------+-------+-------+-------+-------++-------
Melee: Dagger            |    34 |    55 |       |       ||    89
       Unarmed           |     4 |       |       |       ||     4
       Kick              |    13 |    16 |    43 |    32 ||   104
       Peck              |    11 |     9 |    32 |    11 ||    63
       Punch             |       |     3 |       |       ||     3
       Whip              |       |    11 |    75 |     1 ||    87
       Short sword       |       |       |     6 |       ||     6
       Quarterstaff      |       |       |   154 |    84 ||   238
Throw: Dart              |       |    11 |    18 |     6 ||    35
 Cast: Necrotise         |    30 |    30 |    19 |     8 ||    87
       Vampiric Draining |       |     1 |     2 |       ||     3
Evoke: Wand              |       |     4 |     8 |       ||    12
  Use: Scroll            |       |     5 |     5 |     1 ||    11
       Potion            |       |       |     4 |     1 ||     5
 Stab: Sleeping          |     3 |     4 |     6 |     1 ||    14
       Distracted        |       |     1 |       |       ||     1
Armor: Robe              |     1 |       |       |       ||     1
       Leather armour    |    10 |     5 |     9 |    11 ||    35
       Animal skin       |       |     1 |    41 |       ||    42
Dodge: Dodged            |    23 |    46 |   243 |    94 ||   406

Table legend: (Time is in decaauts)
 A = Elapsed time spent in this place.
 B = Non-inter-level travel time spent in this place.
 C = Inter-level travel time spent in this place.
 D = Time resting spent in this place.
 E = Time spent auto-exploring this place.
 F = Levels seen in this place.
 G = Mean time per level.
                   A        B        C        D        E       F      G
               +--------+--------+--------+--------+--------+-----+--------+
         Total |   7975 |   7369 |    606 |    690 |   4750 |  10 |  797.5 |
       Dungeon |   7212 |   6610 |    602 |    690 |   4259 |   8 |  901.5 |
        Temple |    238 |    235 |      3 |      0 |    230 |   1 |  238.0 |
         Sewer |    524 |    524 |      0 |      0 |    259 |   1 |  524.0 |
               +--------+--------+--------+--------+--------+-----+--------+

Top non-repeatable levels by time:
     D:3: 1335 daAuts
     D:7: 1009 daAuts
     D:6: 961 daAuts
     D:2: 894 daAuts
     D:1: 849 daAuts
     D:4: 818 daAuts
     D:8: 693 daAuts
     D:5: 651 daAuts
   Sewer: 524 daAuts
  Temple: 238 daAuts
